 Dungeon Crawl Stone Soup version 0.29.1-1-gd02db6906a (webtiles) character file.

Game seed: 5745371692716967523

11 Gabide the Grave Robber (level 2, -3/19 HPs)
             Began as a Mummy Necromancer on Oct 20, 2022.
             Slain by a quokka (5 damage)
             ... on level 1 of the Dungeon.
             The game lasted 00:00:47 (224 turns).

Gabide the Grave Robber (Mummy Necromancer)          Turns: 224, Time: 00:00:48

Health: -3/19      AC:  2    Str: 11    XL:     2   Next: 13%
Magic:  0/6        EV: 12    Int: 14    God:
Gold:   35         SH:  0    Dex: 12    Spells: 6/7 levels left

rFire   x . .      SeeInvis .   (no weapon)
rCold   + . .      Faith    .   (no shield)
rNeg    + + +      Spirit   .   a - +0 robe
rPois   ∞          Reflect  .   (no helmet)
rElec   .          Harm     .   (no cloak)
rCorr   .          Rampage  .   (no gloves)
Will    .....                   (no boots)
Stlth   ++........              (no amulet)
HPRegen 0.06/turn               (no ring)
MPRegen 0.10/turn               (no ring)

@: no status effects
A: cold resistance 1, negative energy resistance 3, torment resistance 2, heat
vulnerability 1, no potions
a: no special abilities


You were on level 1 of the Dungeon.
You visited 1 branch of the dungeon, and saw 1 of its levels.

You collected 35 gold pieces.

Inventory:

Armour
 a - a +0 robe (worn)
Scrolls
 b - a scroll of enchant armour {unknown}


   Skills:
 + Level 1.9 Dodging
 - Level 1.5 Stealth
 - Level 3.0 Spellcasting
 + Level 4.2 Necromancy


You had 6 spell levels left.
You knew the following spells:

 Your Spells              Type           Power      Damage    Failure   Level
a - Necrotise             Necr           52%        1d6       3%          1

Your spell library contained the following spells:

 Spells                   Type           Power      Damage    Failure   Level
 Vampiric Draining        Necr           13%        2d6       12%         3
 Animate Dead             Necr           13%        N/A       36%         4
 Agony                    Necr           13%        N/A       71%         5


Dungeon Overview and Level Annotations

Branches:
Dungeon (1/15)

Altars:


Innate Abilities, Weirdness & Mutations

You are immune to poison.
Your flesh is cold resistant. (rC+)
You are immune to negative energy. (rN+++)
You are immune to unholy pain and torment.
You are vulnerable to heat. (rF-)
You do not drink.


Message History

The ball python closely misses you. The ball python grabs you.
The ball python constricts you.
You hit the ball python but do no damage.
The ball python barely misses you. The ball python constricts you.
The ball python bites you. The ball python constricts you.
The ball python writhes in agony.
You kill the ball python!
The dead are slithering!
The quokka bites your ball python skeleton.
What are your orders? t - Shout!
Orders for allies: a - Attack new target. r - Retreat! s - Stop attacking. g - Guard the area. f - Follow me.
Anything else - Cancel.
Gang up on whom?
Press: ? - help, Dir - move target, f - quokka
Aim: a quokka (ally target) Attack!
The quokka bites your ball python skeleton.
Your ball python skeleton bites the quokka but does no damage.
Your ball python skeleton closely misses the quokka.
The quokka bites your ball python skeleton. x2
Your ball python skeleton is destroyed!
The quokka closely misses you.
You hit the quokka but do no damage. The quokka bites you.
You closely miss the quokka. The quokka completely misses you.
You barely miss the quokka. The quokka barely misses you.
The quokka misses you.
You barely miss the quokka. The quokka bites you.
You are too injured to fight recklessly!
The quokka attacks as you move away! The quokka bites you.
* * * LOW HITPOINT WARNING * * *
Aiming: Necrotise (safe; 3% risk of failure)
Press: ? - help, Q - select action Shift-Dir - straight line, f/p - quokka
Aim: a quokka (chance to affect: 83%)
The quokka writhes in agony.
The quokka closely misses you. The quokka attacks as you move away!
The quokka bites you.
You die...

#.####+####...........#.#
#.##.............## .#.#
#.##.............# .....
#.##.............###..###
#.##..................#)#
#.####'##########!..##.#
#.# #.# ##...#.#
#.####.### ####..##.#
#........# #...@r#.#..
#......#......####)# ....
#.######.###..#)..#...#.#
#.# # # #$Z. ..##.# #.#
#$.. .... #.# #### ##..#
#.# ...# #.# #... ...


You could see a quokka.

Vanquished Creatures
  2 ball pythons (D:1)
  An endoplasm (D:1)
  A goblin (D:1)
  A hobgoblin (D:1)
  A kobold (D:1)
  A quokka (D:1)
  A frilled lizard (D:1)
  A rat (D:1)
9 creatures vanquished.

Notes
Turn   | Place    | Note
-------+----------+-------------------------------------------
     0 | D:1      | Gabide the Mummy Necromancer began the quest for the Orb.
     0 | D:1      | Reached XP level 1. HP: 13/13 MP: 4/4
   206 | D:1      | Reached XP level 2. HP: 14/19 MP: 0/6
   224 | D:1      | Slain by a quokka

Illustrated notes

Levels and vault maps discovered:
D:1:      scummos_arrival_checkerplants, layout_basic,
          chequers_ecumenical_altar_island, minmay_vboxes

Skill      XL: |  1 |
---------------+----+-----
Spellcasting   | 3 |  3.0
Dodging        | |  1.9
Stealth        | |  1.5
Necromancy     | |  4.2

Action                   || total
-------------------------++-------
Melee: Unarmed           ||    14
 Cast: Necrotise         ||    11
Dodge: Dodged            ||    11
